 Dungeon Crawl Stone Soup version 0.28.0-53-g5a82cb258f (webtiles) character file.

Game seed: 1864109075190658200

473 Woods the Insei (level 7, -2/52 HPs)
             Began as a Gnoll Transmuter on June 9, 2022.
             Slain by a water moccasin (7 damage)
             ... on level 5 of the Dungeon.
             The game lasted 00:04:56 (4901 turns).

Woods the Insei (Gnoll Transmuter)                  Turns: 4901, Time: 00:04:57

Health: -2/52      AC:  2    Str:  9    XL:     7   Next: 10%
Magic:  12/15      EV: 22    Int: 15    God:
Gold:   255        SH:  0    Dex: 17    Spells: 11/17 levels left

rFire   . . .      SeeInvis .     - Unarmed
rCold   . . .      Faith    .   (shield currently unavailable)
rNeg    . . .      Spirit   .   (armour currently unavailable)
rPois   x          Reflect  .   (helmet currently unavailable)
rElec   .          Harm     .   (cloak currently unavailable)
rCorr   .          Rampage  .   (gloves currently unavailable)
Will    .....                   (boots currently unavailable)
Stlth   ++........              (no amulet)
HPRegen 0.17/turn               (no ring)
MPRegen 0.14/turn               (no ring)

@: lethally poisoned (-2 -> -5), spider-form
A: venomous fangs, tiny, (fangs 1), strong nose, distributed training
a: End Transformation


You were on level 5 of the Dungeon.
You were a venomous arachnid creature.
You visited 1 branch of the dungeon, and saw 5 of its levels.

You collected 255 gold pieces.

Inventory:

Missiles
 n - a throwing net
Armour
 a - a +0 robe (melded)
 g - a scarf of shadows
Jewellery
 m - the ring "Paol" {Ice Dex+3 Stlth+}
   (You found it on level 2 of the Dungeon)

   [ring of ice]

   It enhances your ice magic.
   Dex:       It affects your dexterity (+3).
   rF:        It makes you vulnerable to fire.
   rC:        It protects you from cold.
   Stlth:     It makes you more stealthy.
Wands
 q - a wand of iceblast (5)
 r - a wand of acid (10)
Scrolls
 d - 4 scrolls of identify {unknown}
 e - 2 scrolls of teleportation {unknown}
 f - a scroll of torment {unknown}
 h - a scroll of vulnerability {unknown}
 k - a scroll of enchant weapon {unknown}
 o - a scroll of fog {unknown}
 p - 2 scrolls of holy word {unknown}
Potions
 b - 3 potions of curing {unknown}
 c - 2 potions of degeneration {unknown}
 i - 2 potions of magic {unknown}
 j - a potion of brilliance {unknown}
 l - a potion of haste {unknown}


   Skills:
 + Level 3.4 Fighting
 + Level 2.2 Short Blades
 + Level 2.2 Long Blades
 + Level 2.2 Axes
 + Level 2.2 Maces & Flails
 + Level 2.2 Polearms
 + Level 2.2 Staves
 + Level 2.2 Slings
 + Level 2.2 Bows
 + Level 2.2 Crossbows
 + Level 2.2 Throwing
 + Level 2.2 Armour
 + Level 5.1 Dodging
 + Level 2.2 Stealth
 + Level 2.2 Shields
 + Level 6.9 Unarmed Combat
 + Level 5.5 Spellcasting
 + Level 1.8 Conjurations
 + Level 1.8 Hexes
 + Level 1.8 Summonings
 + Level 1.8 Necromancy
 + Level 1.8 Translocations
 + Level 4.2 Transmutations
 + Level 1.8 Fire Magic
 + Level 1.8 Ice Magic
 + Level 1.8 Air Magic
 + Level 1.8 Earth Magic
 + Level 1.8 Poison Magic
 + Level 2.5 Invocations
 + Level 2.2 Evocations


You had 11 spell levels left.
You knew the following spells:

 Your Spells              Type           Power      Damage    Failure   Level
a - Beastly Appendage     Tmut           32%        N/A       10%         1
b - Wereblood             Tmut           16%        N/A       13%         2
c - Spider Form           Tmut/Pois      13%        N/A       30%         3

Your spell library contained the following spells:

 Spells                   Type           Power      Damage    Failure   Level
 Foxfire                  Conj/Fire      36%        2x1d5     21%         1
 Static Discharge         Conj/Air       9%         N/A       26%         2
 Conjure Flame            Conj/Fire      9%         6-21      43%         3
 Inner Flame              Hex/Fire       9%         N/A       43%         3
 Ice Form                 Ice/Tmut       13%        N/A       63%         4
 Flame Wave               Conj/Fire      9%         2d5       78%         4
 Lightning Bolt           Conj/Air       4%         1d16      97%         5
 Maxwell's Capacitive Co  Air            4%         ∞         100%        8


Dungeon Overview and Level Annotations

Branches:
Dungeon (5/15)
 Temple: D:4-7

Altars:

Shops:
D:2 (   D:4 *(


Innate Abilities, Weirdness & Mutations

You are a venomous arachnid creature.
You have poisonous fangs.
You are tiny and dextrous.
Your spellcasting is less reliable in this form.
Your armour is entirely melded.
You are incapable of wielding weapons or throwing items.
((You have very sharp teeth.))
Your uncanny sense of smell can sniff out nearby items.
Your experience applies equally to all skills.


Message History

The water moccasin bites you.
You are poisoned.
The water moccasin poisons you!
You hit the water moccasin but do no damage.
Your bite misses the water moccasin.
The water moccasin is heavily wounded.
You feel very sick. The water moccasin barely misses you.
The water moccasin bites you.
Unknown command.
Press: ? - help, v - describe, . - travel
Here: a water moccasin (heavily wounded)
The floor.
Casting: Beastly Appendage (safe; 2% risk of failure)
Confirm with . or Enter, or press ? or * to list all spells.
You turn into a venomous arachnid creature.
Your +0 robe melds into your body.
You feel very sick. The water moccasin bites you!
* * * LOW HITPOINT WARNING * * *
You hit the water moccasin but do no damage.
The water moccasin is heavily wounded.
You feel sick. The water moccasin misses you.
You closely miss the water moccasin.
The water moccasin is heavily wounded.
You feel sick.
The water moccasin completely misses you.
You bite the water moccasin!
The water moccasin is almost dead.
You feel sick. The water moccasin misses you.
The water moccasin completely misses you.
You barely miss the water moccasin.
The water moccasin is almost dead.
You feel sick. The water moccasin barely misses you.
You barely miss the water moccasin.
The water moccasin is almost dead.
You feel sick. The water moccasin barely misses you.
You barely miss the water moccasin.
The water moccasin is almost dead.
You feel sick. The water moccasin bites you!
You die...

...# #..# .
#..#. #..#.
#... .##..# #
..#..####.#
#.#....sS.#
##
#.#.#####.#
.# #.#.# 8.
## #...# ..#
# #####..# 8#
# #.....># #
# #######.##
# #.# #.#.#
#####.###.#.#


You could see a water moccasin.

Vanquished Creatures
  2 ogres (D:4)
  A howler monkey (D:4)
  A jelly (D:4)
  A hound (D:5)
  An orc wizard (D:3)
  7 gnolls
  4 adders
  An adder skeleton (D:4)
  A dart slug (D:2)
  4 orcs (D:3)
  8 ball pythons
  5 endoplasms
  3 giant cockroaches
  6 goblins
  3 hobgoblins
  7 jackals
  7 kobolds
  3 quokkas
  6 bats
  4 frilled lizards
  2 rats
77 creatures vanquished.

Notes
Turn   | Place    | Note
-------+----------+-------------------------------------------
     0 | D:1      | Woods the Gnoll Transmuter began the quest for the Orb.
     0 | D:1      | Reached XP level 1. HP: 17/17 MP: 6/6
    50 | D:1      | Reached XP level 2. HP: 16/23 MP: 7/7
   160 | D:1      | Learned a level 2 spell: Wereblood
   949 | D:1      | Found a faded altar of an unknown god.
  1180 | D:2      | Reached XP level 3. HP: 28/28 MP: 7/9
  1192 | D:2      | Reached skill level 5 in Spellcasting
  1449 | D:2      | Found Cerueqis's Weapon Boutique.
  1518 | D:2      | Reached skill level 1 in Invocations
  1917 | D:2      | Identified the ring "Paol" {Ice Dex+3 Stlth+}
  2074 | D:3      | Learned a level 3 spell: Spider Form
  2085 | D:3      | Reached skill level 1 in Short Blades
  2085 | D:3      | Reached skill level 1 in Long Blades
  2085 | D:3      | Reached skill level 1 in Axes
  2085 | D:3      | Reached skill level 1 in Maces & Flails
  2085 | D:3      | Reached skill level 1 in Polearms
  2085 | D:3      | Reached skill level 1 in Staves
  2085 | D:3      | Reached skill level 1 in Slings
  2085 | D:3      | Reached skill level 1 in Bows
  2085 | D:3      | Reached skill level 1 in Crossbows
  2085 | D:3      | Reached skill level 1 in Throwing
  2085 | D:3      | Reached skill level 1 in Armour
  2085 | D:3      | Reached skill level 1 in Stealth
  2085 | D:3      | Reached skill level 1 in Shields
  2085 | D:3      | Reached skill level 1 in Evocations
  2087 | D:3      | Reached XP level 4. HP: 22/34 MP: 4/11
  2359 | D:3      | Reached skill level 1 in Conjurations
  2359 | D:3      | Reached skill level 1 in Hexes
  2359 | D:3      | Reached skill level 1 in Summonings
  2359 | D:3      | Reached skill level 1 in Necromancy
  2359 | D:3      | Reached skill level 1 in Translocations
  2359 | D:3      | Reached skill level 1 in Fire Magic
  2359 | D:3      | Reached skill level 1 in Ice Magic
  2359 | D:3      | Reached skill level 1 in Air Magic
  2359 | D:3      | Reached skill level 1 in Earth Magic
  2359 | D:3      | Reached skill level 1 in Poison Magic
  2668 | D:3      | Reached XP level 5. HP: 24/40 MP: 12/12
  3612 | D:4      | Reached XP level 6. HP: 39/47 MP: 6/13
  3788 | D:4      | Found Beihaasa's General Store.
  3938 | D:4      | Found Natid's Weapon Boutique.
  4187 | D:4      | Reached skill level 5 in Dodging
  4604 | D:4      | Reached XP level 7. HP: 52/52 MP: 11/15
  4758 | D:5      | Entered Level 5 of the Dungeon
  4901 | D:5      | Slain by a water moccasin

Illustrated notes

Levels and vault maps discovered:
D:1:      amcnicky_arrival_underground_garden, layout_basic,
          shapermc_ecumenical_altar_totnotflames
D:2:      layout_loops_ring, serial_shops, shop, minmay_hexomino_p4
D:3:      layout_loops_cross, minmay_vboxes
D:4:      layout_basic, serial_shops, shop, nicolae_shop_stone
D:5:      layout_basic, minmay_temple_entry_proselytizer,
          nicolae_ossuary_entry_monument

Skill      XL: |  1  2  3  4  5  6 |
---------------+-------------------+-----
Spellcasting   | 5 |  5.5
Invocations    | 1 2 |  2.5
Short Blades   | 1 2 |  2.2
Long Blades    | 1 2 |  2.2
Axes           | 1 2 |  2.2
Maces & Flails | 1 2 |  2.2
Polearms       | 1 2 |  2.2
Staves         | 1 2 |  2.2
Slings         | 1 2 |  2.2
Bows           | 1 2 |  2.2
Crossbows      | 1 2 |  2.2
Throwing       | 1 2 |  2.2
Armour         | 1 2 |  2.2
Stealth        | 1 2 |  2.2
Shields        | 1 2 |  2.2
Evocations     | 1 2 |  2.2
Conjurations   | 1 |  1.8
Hexes          | 1 |  1.8
Summonings     | 1 |  1.8
Necromancy     | 1 |  1.8
Translocations | 1 |  1.8
Fire Magic     | 1 |  1.8
Ice Magic      | 1 |  1.8
Air Magic      | 1 |  1.8
Earth Magic    | 1 |  1.8
Poison Magic   | 1 |  1.8
Fighting       | 3 |  3.4
Transmutations | 4 |  4.2
Dodging        | 5 |  5.1
Unarmed Combat | |  6.9

Action                   |  1- 3 |  4- 6 |  7- 9 || total
-------------------------+-------+-------+-------++-------
Melee: Unarmed           |    87 |   115 |    21 ||   223
       Bite              |     5 |    11 |       ||    16
       Kick              |    12 |    20 |     4 ||    36
       Headbutt          |     7 |     5 |     3 ||    15
       Punch             |     1 |     2 |     1 ||     4
 Cast: Beastly Appendage |    22 |    22 |     2 ||    46
       Spider Form       |     1 |     4 |     1 ||     6
 Stab: Sleeping          |     2 |     2 |     1 ||     5
Armor: Robe              |     5 |     7 |     2 ||    14
Dodge: Dodged            |    50 |    62 |    14 ||   126
